 Dungeon Crawl Stone Soup version 0.19-a0-1589-ge51c82a (webtiles) character file.

88 FrankyJ the Slasher (level 4, -3/40 HPs)
             Began as a Minotaur Gladiator on Sept 16, 2016.
             Slain by an orc
             ... wielding a +0 mace
              (4 damage)
             ... on level 3 of the Dungeon.
             The game lasted 00:03:04 (1674 turns).

FrankyJ the Slasher (Minotaur Gladiator)            Turns: 1674, Time: 00:03:05

Health: -3/40      AC:  3    Str: 21    XL:     4   Next: 29%
Magic:  3/3        EV: 12    Int:  5    God:
Gold:   75         SH:  0    Dex: 10    Spells: 0 memorised, 3 levels left

rFire  . . .     SeeInvis .     a - +0 long sword
rCold  . . .     Gourm    .     b - +0 leather armour
rNeg   . . .     Faith    .     (no shield)
rPois  .         Spirit   .     c - +0 hat
rElec  .         Dismiss  .     (no cloak)
rCorr  .         Reflect  .     (no gloves)
MR     .....     Harm     .     (no boots)
Stlth  +.........               (no amulet)
                                (no ring)
                                (no ring)

@: no status effects
A: retaliatory headbutt, horns 2
a: no special abilities


You were on level 3 of the Dungeon.
You were hungry.

You visited 1 branch of the dungeon, and saw 3 of its levels.

You collected 75 gold pieces.

Inventory:

Hand Weapons
 a - a +0 long sword (weapon)
Missiles
 d - 3 throwing nets (quivered)
Armour
 b - a +0 leather armour (worn)
 c - a +0 hat (worn)
Scrolls
 e - a scroll of identify {unknown}
 h - 2 scrolls of blinking {unknown}
 j - a scroll of fear {unknown}
 k - a scroll of enchant armour {unknown}
 m - a scroll of magic mapping {unknown}
 q - a scroll of enchant weapon {unknown}
 s - a scroll of remove curse {unknown}
Potions
 g - a potion of might {unknown}
 n - a potion of brilliance {unknown}
 o - a potion of lignification {unknown}
 p - a potion of degeneration {unknown}
Comestibles
 f - a bread ration
 i - 2 fruits
 l - 2 slices of pizza


   Skills:
 + Level 4.0 Fighting
 + Level 4.6 Long Blades
 - Level 2.0 Throwing
 + Level 2.2 Armour
 - Level 3.2 Dodging


You had 3 spell levels left.
You didn't know any spells.

Dungeon Overview and Level Annotations

Branches:
Dungeon (3/15)

Altars:


Innate Abilities, Weirdness & Mutations

You reflexively headbutt those who attack you in melee.
You have a pair of horns on your head.


Message History

You closely miss the orc priest.
The orc priest is almost dead.
The orc hits you with a mace.
* * * LOW HITPOINT WARNING * * *
The orc priest hits you with a dagger.
* * * LOW HITPOINT WARNING * * *
You are too injured to fight recklessly!
You are too injured to fight recklessly!
You barely miss the orc priest. You headbutt the orc priest.
You kill the orc priest!
Your Fighting skill increases to level 4!
You have reached level 4!
You feel stronger. The orc hits you with a mace.
* * * LOW HITPOINT WARNING * * *
You are too injured to fight recklessly!
You closely miss the orc. You headbutt the orc.
The orc is heavily wounded.
The orc hits you with a mace.
You die...

#.# #.# ...
#.# .. #.#
##..###.#
......)o# #
#@# .#
#..###.##..##
........<....+
##.####.##.###
.... .. ###.#
## ... ..#
##..


You could see an orc.

Vanquished Creatures
  An orc priest (D:3)
  An adder (D:2)
  An ooze (D:2)
  A worm (D:2)
  A leopard gecko (D:1)
  An orc (D:3)
  2 bats (D:1)
  2 giant cockroaches (D:1)
  5 goblins
  7 hobgoblins
  3 jackals (D:3)
  A frilled lizard (D:2)
  11 kobolds
  3 rats
40 creatures vanquished.

Notes
Turn   | Place    | Note
-------+----------+-------------------------------------------
     0 | D:1      | FrankyJ the Minotaur Gladiator began the quest for the Orb.
     0 | D:1      | Reached XP level 1. HP: 18/18 MP: 0/0
   148 | D:1      | Reached skill level 1 in Armour
   153 | D:1      | Reached XP level 2. HP: 21/25 MP: 1/1
   686 | D:2      | Reached XP level 3. HP: 28/31 MP: 2/2
   729 | D:2      | Found a faded altar of an unknown god.
  1673 | D:3      | Reached XP level 4. HP: 4/40 MP: 3/3
  1673 | D:3      | HP: 1/40 [orc/mace (3)]
  1674 | D:3      | Slain by an orc

Vault maps used:
D:1:      dpeg_arrival_leaves_temple_mockup
D:2:      ecumenical_altar_2
D:3:      grunt_temple_overflow_open, nicolae_underground_beach, uniq_sigmund

Skill      XL: |  1  2  3 |
---------------+----------+-----
Armour         | 1 2 |  2.2
Fighting       | 3 4 |  4.0
Long Blades    | 4 |  4.6
Throwing       | |  2.0
Dodging        | |  3.2

Action                   |  1- 3 |  4- 6 || total
-------------------------+-------+-------++-------
Melee: Long sword        |    79 |     1 ||    80
       Headbutt          |    12 |     1 ||    13
  Eat: Beef jerky        |     1 |       ||     1
Armor: Leather armour    |    19 |       ||    19
Dodge: Dodged            |    49 |       ||    49
